 Dungeon Crawl Stone Soup version 0.28-a0-612-gcfc00ec14d (webtiles) character file.

Game seed: 3511392301426415058

207 funkygono the Firebug (level 5, -1/28 HPs)
             Began as a Gargoyle Fire Elementalist on Oct 5, 2021.
             Slain by Crazy Yiuf (5 damage)
             ... on level 3 of the Dungeon.
             The game lasted 00:07:30 (4265 turns).

funkygono the Firebug (Gargoyle Fire Elementalist)  Turns: 4265, Time: 00:07:31

Health: -1/28      AC:  7    Str: 11    XL:     5   Next: 85%
Magic:  6/10       EV: 16    Int: 17    God:
Gold:   94         SH:  0    Dex: 10    Spells: 2/11 levels left

rFire   . . .      SeeInvis .   e - +0 club
rCold   . . .      Faith    .   (no shield)
rNeg    + . .      Spirit   .   a - +0 robe
rPois   ∞          Reflect  .   l - +0 helmet
rElec   +          Harm     .   (no cloak)
rCorr   .          Rampage  .   (no gloves)
Will    .....                   (no boots)
Stlth   ++........              (no amulet)
HPRegen 0.09/turn               d - +4 ring of evasion
MPRegen 0.12/turn               (no ring)

@: no status effects
A: sickness immunity, AC +4, negative energy resistance 1, electricity
resistance, torment resistance 1, petrification resistance
a: no special abilities


You were on level 3 of the Dungeon.
You visited 1 branch of the dungeon, and saw 3 of its levels.

You collected 94 gold pieces.

Inventory:

Hand Weapons
 e - a +0 club (weapon)
Missiles
 b - 117 stones
Armour
 a - a +0 robe (worn)
 j - a +0 ring mail
 l - a +0 helmet (worn)
Jewellery
 d - a +4 ring of evasion (left hand)
 m - an amulet of faith
Scrolls
 c - 2 scrolls of fear {unknown}
 f - 3 scrolls of identify {unknown}
 h - a scroll of teleportation {unknown}
 i - a scroll of enchant armour {unknown}
Potions
 g - a potion of haste {unknown}
 k - a potion of flight {unknown}
 n - a potion of mutation {unknown}


   Skills:
 + Level 1.6 Dodging
 - Level 2.1 Stealth
 * Level 3.5 Spellcasting
 * Level 2.9 Conjurations
 * Level 4.6 Fire Magic
 * Level 0.1 Earth Magic


You had 2 spell levels left.
You knew the following spells:

 Your Spells              Type           Power      Damage    Failure   Level
a - Foxfire               Conj/Fire      60%        2x1d7     3%          1
b - Scorch                Fire           36%        2d6       3%          2
c - Conjure Flame         Conj/Fire      15%        6-21      11%         3
j - Stone Arrow           Conj/Erth      16%        3d8       26%         3

Your spell library contained the following spells:

 Spells                   Type           Power      Damage    Failure   Level
 Beastly Appendage        Tmut           6%         N/A       17%         1
 Wereblood                Tmut           3%         N/A       26%         2
 Inner Flame              Hex/Fire       10%        N/A       19%         3
 Flame Wave               Conj/Fire      15%        3d5       34%         4
 Spider Form              Tmut/Pois      1%         N/A       45%         3
 Animate Armour           Summ/Erth      6%         N/A       85%         4
 Lehudib's Crystal Spear  Conj/Erth      4%         10d3      100%        8


Dungeon Overview and Level Annotations

Branches:
Dungeon (3/15)

Altars:
Nemelex Xobeh

Shops:
D:2 [

Annotations:
D:3 Crazy Yiuf


Innate Abilities, Weirdness & Mutations

You are immune to sickness and miasma.
Your stone body is resilient. (AC +4)
You are immune to poison.
You resist negative energy. (rN+)
You are resistant to electric shocks. (rElec)
You are resistant to unholy torment.
You are immune to petrification.


Message History

Found a stone staircase leading down.
Unknown command.
There is a stone staircase leading down here.
Found a ring mail.
You see here a +0 ring mail.
You see here a +0 ring mail.
There is a stone staircase leading up here.
Found a mace.
Found a runed translucent door.
As you open the door, it creaks loudly!
Casting: Foxfire (safe; 3% risk of failure)
Confirm with . or Enter, or press ? or * to list all spells.
Flames lash Crazy Yiuf.
Crazy Yiuf is lightly wounded.
Crazy Yiuf's fire resistance burns away.
Crazy Yiuf hits you with a +3 quarterstaff of chaos!
Crazy Yiuf burns you.
Crazy Yiuf whimpers, "Scoff unthinkable dark!"
Crazy Yiuf is no longer more vulnerable to fire.
Crazy Yiuf says, "Key forty-two poople!"
Casting: Scorch (safe; 3% risk of failure)
Confirm with . or Enter, or press ? or * to list all spells.
You conjure some foxfire!
Crazy Yiuf closely misses you.
Casting: Foxfire (safe; 3% risk of failure)
Confirm with . or Enter, or press ? or * to list all spells.
You conjure some foxfire!
The foxfire hits Crazy Yiuf.
Crazy Yiuf is heavily wounded.
The foxfire hits Crazy Yiuf.
Crazy Yiuf is severely wounded.
Crazy Yiuf hits you with a +3 quarterstaff of chaos!
* * * LOW HITPOINT WARNING * * *
Crazy Yiuf burns you.
* * * LOW HITPOINT WARNING * * *
Casting: Foxfire (safe; 3% risk of failure)
Confirm with . or Enter, or press ? or * to list all spells.
You conjure some foxfire!
The foxfire hits Crazy Yiuf.
Crazy Yiuf is severely wounded.
Crazy Yiuf hits you with a +3 quarterstaff of chaos.
* * * LOW HITPOINT WARNING * * *
Space bends around you.
You die...

##..........#
...
......##.####
#'#
[...........#
#.##
...##..#.####
##.#
#####..#.#
#.## # #..#.#
##.#
#####..#.####
##.##
##>.........#
##g..#
##.##..####.#
#@v..#
##.##..# #.#
#v§..#
#...#..#
#.####....#
...#...#
#........##
#[#.#..#
#####...##
.......#
#####
#####.##
#####.#
......#


You could see Crazy Yiuf (ally target).

Vanquished Creatures
  Terence (D:2)
  Natasha (thrice) (D:2)
  Robin (D:2)
  3 adders
  A dart slug (D:2)
  7 ball pythons
  4 endoplasms
  15 goblins
  6 hobgoblins
  4 jackals
  3 kobolds (D:1)
  2 quokkas
  6 bats
  A frilled lizard (D:1)
  10 rats
67 creatures vanquished.

Vanquished Creatures (others)
  201 foxfires
201 creatures vanquished.

Grand Total: 268 creatures vanquished

Notes
Turn   | Place    | Note
-------+----------+-------------------------------------------
     0 | D:1      | funkygono the Gargoyle Fire Elementalist began the quest
                  | for the Orb.
     0 | D:1      | Reached XP level 1. HP: 10/10 MP: 3/3
   315 | D:1      | Reached XP level 2. HP: 15/15 MP: 0/5
   771 | D:1      | You fall into a shaft and drop 1 floor!
   867 | D:2      | Noticed Terence
   909 | D:1      | Reached XP level 3. HP: 19/19 MP: 0/6
   914 | D:1      | Learned a level 2 spell: Scorch
   918 | D:1      | Learned a level 3 spell: Conjure Flame
  1225 | D:1      | Found a faded altar of an unknown god.
  1552 | D:2      | Found Jeohio's Antique Armour Shop.
  1590 | D:2      | Noticed Robin
  1821 | D:2      | Killed Robin
  1822 | D:2      | Reached skill level 4 in Fire Magic
  1822 | D:2      | Reached XP level 4. HP: 24/24 MP: 2/8
  2343 | D:2      | Found a sparkling altar of Nemelex Xobeh.
  2637 | D:2      | Killed Terence
  2638 | D:2      | Reached XP level 5. HP: 28/28 MP: 2/9
  2722 | D:2      | Noticed Natasha
  2741 | D:2      | Killed Natasha
  3083 | D:2      | Noticed Natasha
  3090 | D:2      | Killed Natasha
  3354 | D:2      | Noticed Natasha
  3359 | D:2      | Killed Natasha
  3393 | D:2      | Learned a level 3 spell: Stone Arrow
  4251 | D:3      | Found a runed translucent door.
  4252 | D:3      | Noticed Crazy Yiuf
  4265 | D:3      | Slain by Crazy Yiuf

Illustrated notes

Levels and vault maps discovered:
D:1:      minmay_arrival_pointy, layout_basic,
          hellmonk_ecumenical_altar_arch_garden, minmay_indecisive_spiral
D:2:      layout_loops_corners, serial_shops, nicolae_lakefront_shop,
          basic_altar, uniq_terence, uniq_natasha, uniq_robin
D:3:      layout_loops_ring, kennysheep_potato, uniq_crazy_yiuf_cottage

Skill      XL: |  1  2  3  4 |
---------------+-------------+-----
Conjurations   | 2 |  2.9
Fire Magic     | 4 |  4.6
Spellcasting   | 3 |  3.5
Dodging        | |  1.6
Stealth        | |  2.1
Earth Magic    | |  0.1

Action                   |  1- 3 |  4- 6 || total
-------------------------+-------+-------++-------
Melee: Unarmed           |     5 |       ||     5
       Club              |    11 |    11 ||    22
 Cast: Foxfire           |    74 |    45 ||   119
       Scorch            |       |    14 ||    14
Armor: Robe              |    11 |     5 ||    16
Dodge: Dodged            |    32 |    21 ||    53

Table legend: (Time is in decaauts)
 A = Elapsed time spent in this place.
 B = Non-inter-level travel time spent in this place.
 C = Inter-level travel time spent in this place.
 D = Time resting spent in this place.
 E = Time spent auto-exploring this place.
 F = Levels seen in this place.
 G = Mean time per level.
                   A        B        C        D        E       F      G
               +--------+--------+--------+--------+--------+-----+--------+
         Total |   4290 |   4209 |     81 |    204 |   3322 |   3 | 1430.0 |
       Dungeon |   4290 |   4209 |     81 |    204 |   3322 |   3 | 1430.0 |
               +--------+--------+--------+--------+--------+-----+--------+

Top non-repeatable levels by time:
     D:2: 1798 daAuts
     D:1: 1659 daAuts
     D:3: 833 daAuts
